 Dungeon Crawl Stone Soup version 0.30-a0-311-gf115ab0292 (webtiles) character file.

Game seed: 2850220413663546266

356 koil the Sneak (level 6, -2/30 HPs)
             Began as a Spriggan Venom Mage on Oct 25, 2022.
             Splashed by a jelly's acid (10 damage)
             ... on level 4 of the Dungeon.
             The game lasted 00:11:02 (3547 turns).

koil the Sneak (Spriggan Venom Mage)                Turns: 3547, Time: 00:11:03

Health: -2/30      AC:  2    Str:  4    XL:     6   Next: 36%
Magic:  9/13       EV: 18    Int: 22    God:
Gold:   177        SH:  0    Dex: 15    Spells: 3/13 levels left

rFire   . . .      SeeInvis +    a - +3 dagger (freeze)
rCold   . . .      Faith    .    (no shield)
rNeg    . . .      Spirit   .    q - +0 robe
rPois   +          Reflect  .    (helmet restricted)
rElec   .          Harm     .    (no cloak)
rCorr   .          Rampage  .    (gloves unavailable)
Will    +....                    (boots unavailable)
Stlth   +++.......               (no amulet)
HPRegen 0.25/turn                m - ring "Hurocop" {rPois Int+3}
MPRegen 0.13/turn                l - ring of wizardry

@: very quick
A: very small, no large weapons, unfitting armour, see invisible, speed 3
a: no special abilities


You were on level 4 of the Dungeon.
You visited 1 branch of the dungeon, and saw 4 of its levels.

You collected 177 gold pieces.

Inventory:

Hand Weapons
 a - a +3 dagger of freezing (weapon)
 d - a +0 dagger
Missiles
 o - 2 poisoned darts
Armour
 q - a +0 robe (worn)
Jewellery
 k - a ring of magical power
 l - a ring of wizardry (right hand)
 m - the ring "Hurocop" (left hand) {rPois Int+3}
   (You found it on level 2 of the Dungeon)

   [ring of poison resistance]

   Int:       It affects your intelligence (+3).
   rPois:     It protects you from poison.
Scrolls
 c - 5 scrolls of identify {unknown}
 f - 5 scrolls of teleportation {unknown}
 i - a scroll of enchant weapon {unknown}
 j - a scroll of vulnerability {unknown}
 p - a scroll of summoning {unknown}
Potions
 b - 2 potions of magic
 e - a potion of cancellation {unknown}
 g - 3 potions of heal wounds {unknown}
 h - a potion of lignification {unknown}
 n - 2 potions of might {unknown}


   Skills:
 + Level 1.8 Fighting
 + Level 2.3 Short Blades
 + Level 4.0 Dodging
 + Level 4.8 Stealth
 + Level 4.0 Spellcasting
 + Level 3.4 Transmutations
 + Level 3.8 Poison Magic


You had 3 spell levels left.
You knew the following spells:

 Your Spells              Type           Power      Damage    Failure   Level
a - Sting                 Tmut/Pois      80%        1d7       1%          1
b - Poisonous Vapours     Pois/Air       24%        N/A       3%          2
c - Olgreb's Toxic Radia  Pois           21%        N/A       10%         4
d - Mephitic Cloud        Conj/Pois/Air  9%         N/A       9%          3

Your spell library contained the following spells:

 Spells                   Type           Power      Damage    Failure   Level


Dungeon Overview and Level Annotations

Branches:
Dungeon (4/15)
 Temple: D:4-7

Altars:
Wu Jian

Shops:
D:2 [


Innate Abilities, Weirdness & Mutations

You are very small and have problems with some larger weapons.
You are too small for most types of armour.
You have supernaturally acute eyesight. (SInv)
You cover ground extremely quickly. (Speed+++)


Message History

q - a +3 dagger of freezing (weapon)
Adjust to which letter? (? for menu, Esc to quit)
a - a +3 dagger of freezing (weapon);
q - a +0 robe (worn)
Unknown command.
Setting a skill training target for Short Blades at 10.0.
You see here a goblin corpse.
Found a stone.
An endoplasm comes into view.
The helpless endoplasm fails to defend itself.
You impale the endoplasm!! You freeze the endoplasm.
You kill the endoplasm!
No target in view!
You now have 177 gold pieces (gained 8).
Found a scimitar.
A jelly comes into view.
Casting: Sting (safe; 1% risk of failure)
Confirm with . or Enter, or press ? or * to list all spells.
Okay, then.
The jelly quivers.
Casting: Sting (safe; 1% risk of failure)
Confirm with . or Enter, or press ? or * to list all spells.
The spell is quite dangerous to miscast (10% risk of failure)!
Continue anyway?
You begin to radiate toxic energy.
The jelly hits you.
You are splashed with acid!
You hit the jelly. You freeze the jelly.
Your hands burn!
The jelly is moderately wounded.
Your toxic aura wanes.
You barely miss the jelly.
The jelly is moderately wounded.
The jelly closely misses you.
You hit the jelly. You freeze the jelly.
Your hands burn!
The jelly is heavily wounded.
The jelly hits you.
You are splashed with acid!
* * * LOW HITPOINT WARNING * * *
You barely miss the jelly.
The jelly is heavily wounded.
The jelly hits you.
* * * LOW HITPOINT WARNING * * *
You are splashed with acid!
You die...

#<# #...#
#.#
###...###
#.#
#.......#
..# .......
#.. .....
... #...#
... #.J.#
#.## #@# #.#
#.# #.# #.#
## ##.##.##
##......###
.
##).........
.
#........###
.


You could see a jelly.

Vanquished Creatures
  An ogre (D:4)
  2 scorpions (D:4)
  An iguana (D:4)
  6 adders
  2 dart slugs
  6 orcs
  6 ball pythons
  3 bats
  4 endoplasms
  A giant cockroach (D:2)
  8 goblins
  6 hobgoblins
  2 jackals (D:3)
  7 kobolds
  3 quokkas
  3 frilled lizards
  5 rats
66 creatures vanquished.

Notes
Turn   | Place    | Note
-------+----------+-------------------------------------------
     0 | D:1      | koil the Spriggan Venom Mage began the quest for the Orb.
     0 | D:1      | Reached XP level 1. HP: 9/9 MP: 5/5
   278 | D:1      | Reached XP level 2. HP: 11/13 MP: 6/6
   455 | D:1      | Learned a level 2 spell: Poisonous Vapours
  1166 | D:2      | Reached XP level 3. HP: 17/17 MP: 6/8
  1198 | D:2      | Found Bumicyecs's Antique Armour Emporium.
  1356 | D:2      | Reached skill level 1 in Short Blades
  1454 | D:2      | Found a faded altar of an unknown god.
  1572 | D:2      | Reached skill level 1 in Fighting
  1742 | D:2      | Identified the ring "Hurocop" {rPois Int+3}
  1970 | D:3      | Found an ornate altar of the Wu Jian Council.
  2027 | D:3      | Reached XP level 4. HP: 22/22 MP: 6/9
  2897 | D:4      | Learned a level 4 spell: Olgreb's Toxic Radiance
  3028 | D:4      | Noticed a scorpion
  3030 | D:4      | Noticed an ogre
  3042 | D:4      | Killed a scorpion
  3043 | D:4      | Reached XP level 5. HP: 18/25 MP: 8/11
  3096 | D:4      | Killed an ogre
  3097 | D:4      | Reached XP level 6. HP: 30/30 MP: 7/12
  3105 | D:4      | Learned a level 3 spell: Mephitic Cloud
  3547 | D:4      | Splashed by a jelly's acid

Illustrated notes

Levels and vault maps discovered:
D:1:      lightli_arrival_quake, layout_basic
D:2:      layout_basic, hellmonk_ecumenical_altar_pennies_from_heaven,
          serial_shops, shop
D:3:      cheibrodos_helix_gallery, layout_basic, mainiacjoe_overflow_chevrons,
          roderic_lattice_a
D:4:      layout_loops_corners

Skill      XL: |  1  2  3  4  5  6 |
---------------+-------------------+-----
Dodging        | 3 4 |  4.0
Transmutations | 2 3 |  3.4
Spellcasting   | 3 4 |  4.0
Short Blades   | 1 2 |  2.3
Fighting       | 1 |  1.8
Stealth        | 4 |  4.8
Poison Magic   | |  3.8

Action                   |  1- 3 |  4- 6 || total
-------------------------+-------+-------++-------
Melee: Dagger            |   120 |    86 ||   206
       Unarmed           |     4 |       ||     4
 Cast: Sting             |    10 |    20 ||    30
       Poisonous Vapours |     2 |     2 ||     4
       Olgreb's Toxic Ra |       |     2 ||     2
 Stab: Sleeping          |    10 |     9 ||    19
       Distracted        |       |     1 ||     1
Armor: Robe              |    10 |     5 ||    15
Dodge: Dodged            |    80 |    79 ||   159

Table legend: (Time is in decaauts)
 A = Elapsed time spent in this place.
 B = Non-inter-level travel time spent in this place.
 C = Inter-level travel time spent in this place.
 D = Time resting spent in this place.
 E = Time spent auto-exploring this place.
 F = Levels seen in this place.
 G = Mean time per level.
                   A        B        C        D        E       F      G
               +--------+--------+--------+--------+--------+-----+--------+
         Total |   2460 |   2400 |     60 |      0 |   1874 |   4 |  615.0 |
       Dungeon |   2460 |   2400 |     60 |      0 |   1874 |   4 |  615.0 |
               +--------+--------+--------+--------+--------+-----+--------+

Top non-repeatable levels by time:
     D:3: 742 daAuts
     D:1: 729 daAuts
     D:4: 512 daAuts
     D:2: 475 daAuts
